 Dungeon Crawl Stone Soup version 0.29-a0-613-gf2c431b9b9 (webtiles) character file.

Game seed: 14626186637664888566

374 ptdevnull the Cutter (level 7, -5/38 HPs)
             Began as a Kobold Artificer on June 16, 2022.
             Was an Elder of Jiyva.
             Slain by a river rat (6 damage)
             ... on level 4 of the Dungeon.
             The game lasted 00:08:38 (4128 turns).

ptdevnull the Cutter (Kobold Artificer)             Turns: 4128, Time: 00:08:39

Health: -5/38      AC:  5    Str: 10    XL:     7   Next: 3%
Magic:  9/9        EV: 11    Int: 12    God:    Jiyva [****..]
Gold:   109        SH:  0    Dex: 17    Spells: 6/6 levels left

rFire   . . .      SeeInvis .   a - +0 dagger (venom)
rCold   + . .      Faith    +   (no shield)
rNeg    + . .      Spirit   .   b - +0 leather armour
rPois   .          Reflect  .   u - +0 helmet
rElec   .          Harm     .   (no cloak)
rCorr   +          Rampage  .   n - +0 pair of gloves
Will    +....                   (no boots)
Stlth   ++++......              t - amulet of Xomafizi {Faith rN+}
HPRegen 1.40/turn               h - ring of willpower
MPRegen 0.51/turn               o - ring of protection from cold

@: constricted
A: small, no large weapons, nightstalker 3, high MP 3, engulf
a: Renounce Religion, Oozemancy, Slimify


You were on level 4 of the Dungeon.
You worshipped Jiyva.
Jiyva was greatly pleased with you.
You visited 1 branch of the dungeon, and saw 4 of its levels.

You collected 109 gold pieces.

Inventory:

Hand Weapons
 a - a +0 dagger of venom (weapon)
 f - a +0 club
 g - a +0 dagger
Missiles
 m - a throwing net
Armour
 b - a +0 leather armour (worn)
 n - a +0 pair of gloves (worn)
 u - a +0 helmet (worn)
Jewellery
 h - a ring of willpower (left hand)
 o - a ring of protection from cold (right hand)
 t - the amulet of Xomafizi (around neck) {Faith rN+}
   (You found it on level 2 of the Dungeon)

   [amulet of faith]

   It allows you to gain divine favour quickly.
   rN:        It protects you from negative energy.
Wands
 c - a wand of flame (11) (quivered)
 d - a wand of charming (11)
 e - a wand of iceblast (8)
Scrolls
 i - a scroll of fear {unknown}
 l - a scroll of amnesia
 p - 2 scrolls of enchant weapon
 q - a scroll of summoning
 x - a scroll of acquirement {unknown}
Potions
 j - a potion of attraction
 k - a potion of brilliance
 r - a potion of degeneration {unknown}
 s - a potion of flight
 v - a potion of resistance {unknown}
 w - 2 potions of curing
 z - a potion of might {unknown}


   Skills:
 - Level 1.5 Fighting
 * Level 6.8 Short Blades
 - Level 0.7 Armour
 - Level 2.8 Dodging
 + Level 5.3 Stealth
 - Level 3.6 Evocations


You had 6 spell levels left.
You didn't know any spells.
Your spell library was empty.

Dungeon Overview and Level Annotations

Branches:
Dungeon (4/15)
 Temple: D:4-7

Altars:
Elyvilon
Hepliaklqana
Xom
Jiyva

Portals:
Sewer: D:4


Innate Abilities, Weirdness & Mutations

You are small and have problems with some larger weapons.
You are completely attuned to the shadows.
You have a greatly increased reservoir of magic. (+30% MP)
Your melee attacks may engulf your foes in ooze.


Message History

The rat closely misses you. The rat completely misses you.
The river rat barely misses you. The river rat bites you!
The river rat bites you.
* * * LOW HITPOINT WARNING * * *
The rat completely misses you. The ball python barely misses you.
The ball python constricts you.
* * * LOW HITPOINT WARNING * * *
Okay, then.
Okay, then.
You hit the rat.
You kill the rat!
The rat bites you but does no damage.
Unknown command.
You escape the ball python's grasp.
The river rat attacks as you move away! The river rat bites you.
* * * LOW HITPOINT WARNING * * *
The rat bites you but does no damage. The river rat bites you.
* * * LOW HITPOINT WARNING * * *
The ball python bites you but does no damage.
The ball python grabs you. The ball python constricts you.
The river rat bites you.
* * * LOW HITPOINT WARNING * * *
The river rat closely misses you.
You hear a distant slurping noise.
The ball python closely misses you. The ball python constricts you.
* * * LOW HITPOINT WARNING * * *
There is a large open door, spattered with blood here.
You feel better. The river rat bites you.
* * * LOW HITPOINT WARNING * * *
The river rat bites you.
* * * LOW HITPOINT WARNING * * *
The river rat bites you but does no damage.
The ball python barely misses you. The ball python constricts you.
* * * LOW HITPOINT WARNING * * *
The ball python's grasp on you weakens, but your attempt to escape fails.
The ball python closely misses you. The ball python constricts you.
The river rat misses you. The river rat bites you.
* * * LOW HITPOINT WARNING * * *
The river rat bites you.
You die...

##.#####.#
#........#
####.########
#.....#
#.........#
#.≈≈.....!#
#≈..r≈....#
#≈≈≈Sr≈...#
#'@rS...#
#≈≈≈#r≈≈.##
#≈∩≈#r≈≈.#
#≈≈≈#≈≈≈.#
##########


You could see 3 river rats, 2 ball pythons and 2 rats.

Vanquished Creatures
  An orc warrior (D:4)
  A scorpion (D:4)
  A howler monkey (D:4)
  An iguana (D:4)
  An orc wizard (D:3)
  6 gnolls
  An adder (D:4)
  5 worms
  2 dart slugs (D:1)
  An orc (D:4)
  An endoplasm (D:1)
  5 giant cockroaches
  7 goblins
  8 hobgoblins
  2 jackals (D:3)
  4 kobolds
  4 quokkas
  5 ball pythons
  12 bats
  2 frilled lizards
  7 rats
77 creatures vanquished.

Vanquished Creatures (others)
  5 jellies
  A hound (D:4)
  An orc wizard (D:4)
  An adder (D:3)
  2 gnolls (D:2)
  An endoplasm (D:2)
  3 orcs
  A giant cockroach (D:4)
  A kobold (D:3)
  A bat (D:2)
  A frilled lizard (D:2)
  2 rats (D:3)
20 creatures vanquished.

Grand Total: 97 creatures vanquished

Notes
Turn   | Place    | Note
-------+----------+-------------------------------------------
     0 | D:1      | ptdevnull the Kobold Artificer began the quest for the Orb.
     0 | D:1      | Reached XP level 1. HP: 12/12 MP: 1/1
   296 | D:1      | Reached XP level 2. HP: 16/16 MP: 2/2
   374 | D:1      | Reached skill level 1 in Short Blades
   644 | D:1      | Found a faded altar of an unknown god.
   940 | D:1      | Prayed at the altar of an unknown god.
   940 | D:1      | Became a worshipper of Jiyva Judanori the Shapeless
   940 | D:1      | Reached * piety under Jiyva
  1005 | D:1      | Reached XP level 3. HP: 20/20 MP: 3/3
  1010 | D:1      | Reached skill level 2 in Short Blades
  1675 | D:2      | Reached ** piety under Jiyva
  1759 | D:2      | Reached skill level 3 in Short Blades
  1832 | D:2      | Reached XP level 4. HP: 19/25 MP: 4/4
  2346 | D:2      | Identified the amulet of Xomafizi {Faith rN+}
  2471 | D:3      | Found a shimmering altar of Xom.
  2489 | D:3      | Reached *** piety under Jiyva
  2743 | D:3      | Reached skill level 4 in Short Blades
  2946 | D:3      | Gained mutation: Your melee attacks may engulf your foes in
                  | ooze. [Jiyva's grace]
  2946 | D:3      | Gained mutation: You have an increased reservoir of magic.
                  | (+10% MP) [Jiyva's grace]
  2946 | D:3      | Gained mutation: You have a considerably increased
                  | reservoir of magic. (+20% MP) [Jiyva's grace]
  2946 | D:3      | Gained mutation: You have a greatly increased reservoir of
                  | magic. (+30% MP) [Jiyva's grace]
  3254 | D:3      | Reached **** piety under Jiyva
  3261 | D:3      | Found a white marble altar of Elyvilon.
  3333 | D:4      | Noticed an orc warrior
  3347 | D:3      | Reached XP level 5. HP: 29/29 MP: 6/6
  3525 | D:4      | Found a hazy altar of Hepliaklqana.
  3558 | D:4      | Reached skill level 5 in Short Blades
  3674 | D:4      | Reached XP level 6. HP: 34/34 MP: 7/7
  3988 | D:4      | Killed an orc warrior
  3989 | D:4      | Reached skill level 6 in Short Blades
  4056 | D:4      | Reached skill level 5 in Stealth
  4065 | D:4      | Reached XP level 7. HP: 38/38 MP: 9/9
  4121 | D:4      | Found a glowing drain.
  4128 | D:4      | HP: 1/38 [river rat (3)]
  4128 | D:4      | Slain by a river rat

Illustrated notes

Levels and vault maps discovered:
D:1:      matt_arrival_spirals, layout_loops_corners,
          hellmonk_ecumenical_altar_leap_of_faith, dk_noncrumbling_2
D:2:      minmay_door_path, layout_basic
D:3:      layout_basic, mainiacjoe_overflow_concentric_impassable,
          mainiacjoe_overflow_small_starburst
D:4:      layout_basic, mainiacjoe_overflow_tiny_flanked, portal_sewer_entry_e,
          minmay_strange_pillars, minmay_unequal

Skill      XL: |  1  2  3  4  5  6 |
---------------+-------------------+-----
Short Blades   | 1 3 4 5 6 |  6.8
Stealth        | 2 3 4 5 |  5.3
Fighting       | |  1.5
Armour         | |  0.7
Dodging        | |  2.8
Evocations     | |  3.6

Action                   |  1- 3 |  4- 6 |  7- 9 || total
-------------------------+-------+-------+-------++-------
Melee: Club              |     6 |       |       ||     6
       Dagger            |   128 |   123 |    16 ||   267
       Punch             |     4 |     1 |       ||     5
Evoke: Wand              |     3 |     6 |       ||     9
  Use: Potion            |     2 |       |     1 ||     3
       Scroll            |       |     7 |       ||     7
 Stab: Sleeping          |    15 |    13 |       ||    28
       Distracted        |       |     1 |       ||     1
Armor: Leather armour    |    21 |    23 |    10 ||    54
Dodge: Dodged            |    82 |    68 |    37 ||   187

Table legend: (Time is in decaauts)
 A = Elapsed time spent in this place.
 B = Non-inter-level travel time spent in this place.
 C = Inter-level travel time spent in this place.
 D = Time resting spent in this place.
 E = Time spent auto-exploring this place.
 F = Levels seen in this place.
 G = Mean time per level.
                   A        B        C        D        E       F      G
               +--------+--------+--------+--------+--------+-----+--------+
         Total |   4083 |   3890 |    193 |      0 |   3057 |   4 | 1020.8 |
       Dungeon |   4083 |   3890 |    193 |      0 |   3057 |   4 | 1020.8 |
               +--------+--------+--------+--------+--------+-----+--------+

Top non-repeatable levels by time:
     D:1: 1437 daAuts
     D:2: 990 daAuts
     D:3: 959 daAuts
     D:4: 696 daAuts
